 Dungeon Crawl Stone Soup version 0.21-a0-460-g737a915 (webtiles) character file.

184 qqqbard the Magician (level 5, -2/28 HPs)
             Began as a Deep Elf Earth Elementalist on Nov 20, 2017.
             Slain by Grinder (9 damage)
             ... on level 3 of the Dungeon.
             The game lasted 00:05:35 (2246 turns).

qqqbard the Magician (Deep Elf Earth Elementalist)  Turns: 2246, Time: 00:05:35

Health: -2/28      AC:  2    Str:  5    XL:     5   Next: 36%
Magic:  10/13      EV: 14    Int: 21    God:
Gold:   93         SH:  0    Dex: 15    Spells: 9/13 levels left

rFire    . . .     SeeInvis .   (no weapon)
rCold    . . .     Gourm    .   (no shield)
rNeg     . . .     Faith    .   c - +0 robe
rPois    .         Spirit   .   (no helmet)
rElec    .         Reflect  .   (no cloak)
rCorr    .         Harm     .   (no gloves)
MR       .....                  (no boots)
Stlth    +++.......             (no amulet)
HPRegen  0.09/turn              (no ring)
MPRegen  0.13/turn              (no ring)

@: no status effects
A: no striking features
a: no special abilities


You were on level 3 of the Dungeon.
You were not hungry.

You visited 1 branch of the dungeon, and saw 3 of its levels.

You collected 93 gold pieces.

Inventory:

Missiles
 b - 56 stones (quivered)
Armour
 c - a +0 robe (worn)
Jewellery
 i - a +3 amulet of reflection {unknown}
 o - an uncursed amulet of regeneration {unknown}
Scrolls
 f - a scroll of remove curse {unknown}
 h - 3 scrolls of identify {unknown}
 k - a scroll of random uselessness {unknown}
 m - a scroll of teleportation {unknown}
 p - a scroll of amnesia {unknown}
Potions
 a - a potion of haste {unknown}
 g - a potion of heal wounds {unknown}
 j - 2 potions of might {unknown}
 l - 2 potions of magic {unknown}
 n - a potion of curing {unknown}
 q - a potion of lignification {unknown}
 r - a potion of brilliance {unknown}
 s - a potion of mutation {unknown}
Books
 e - a book of Geomancy

   Spells                             Type                      Level
   a - Sandblast                      Earth                        1
   b - Passwall                       Transmutation/Earth          2
   c - Stone Arrow                    Conjuration/Earth            3
   d - Petrify                        Transmutation/Earth          4
   e - Lee's Rapid Deconstruction     Earth                        5
Comestibles
 d - 5 bread rations
 t - a chunk of flesh
 u - a meat ration


   Skills:
 + Level 3.9 Dodging
 + Level 4.3 Stealth
 + Level 4.5 Spellcasting
   Level 1.1 Transmutations
 + Level 4.4 Earth Magic


You had 9 spell levels left.
You knew the following spells:

 Your Spells              Type           Power        Failure   Level  Hunger
a - Sandblast             Erth           ###...       1%          1    None
b - Stone Arrow           Conj/Erth      ##....       14%         3    ##.....


Dungeon Overview and Level Annotations

Branches:
Dungeon (3/15)

Altars:

Annotations:
D:3 Grinder


Message History

Casting: Sandblast
Confirm with . or Enter, or press ? or * to list all spells.
Aiming: Sandblast
Press: ? - help, Shift-Dir - straight line, f/p - Grinder
Aim: Grinder The blast of sand hits Grinder.
Grinder is moderately wounded.
b - 57 stones Grinder hits you.
You writhe in agony.
* * * LOW HITPOINT WARNING * * *
Casting: Sandblast
Confirm with . or Enter, or press ? or * to list all spells.
Aiming: Sandblast
Press: ? - help, Shift-Dir - straight line, f/p - Grinder
Aim: Grinder (moderately wounded)
The blast of sand hits Grinder.
Grinder is severely wounded.
b - 56 stones Grinder hits you!
You die...

##### ....# #. #....#
#.######## .....+
.........### .....#
#..........## ####.#
#...........#
..##.####...........#
#...............5...#
#.##.#####......@...# #
#.##................#.##
........................
........................
################.#..#.##
......................#
#################.#..##
..# ....... ..# +##.###


You could see Grinder.

Vanquished Creatures
  A crimson imp (D:3)
  Jessica (D:2)
  3 adders
  A worm (D:2)
  3 dart slugs
  2 leopard geckos
  6 orcs (D:3)
  11 bats
  6 giant cockroaches
  8 goblins
  6 hobgoblins
  8 jackals
  10 kobolds
  A quokka (D:2)
  2 frilled lizards (D:2)
  A leopard gecko skeleton (D:3)
  10 rats
80 creatures vanquished.

Notes
Turn   | Place    | Note
-------+----------+-------------------------------------------
     0 | D:1      | qqqbard the Deep Elf Earth Elementalist began the quest for the Orb.
     0 | D:1      | Reached XP level 1. HP: 10/10 MP: 6/6
   112 | D:1      | Reached XP level 2. HP: 8/15 MP: 0/8
   414 | D:1      | Reached XP level 3. HP: 19/19 MP: 7/10
   688 | D:2      | Noticed Jessica
   691 | D:2      | Killed Jessica
   747 | D:2      | Reached XP level 4. HP: 16/24 MP: 3/11
   756 | D:2      | Learned a level 3 spell: Stone Arrow
  1616 | D:3      | Reached XP level 5. HP: 28/28 MP: 0/13
  2086 | D:3      | Noticed Grinder
  2246 | D:3      | Slain by Grinder

Vault maps used:
D:1:      dpeg_arrival_tiny_c
D:2:      first_bread, uniq_jessica
D:3:      uniq_grinder

Skill      XL: |  1  2  3  4 |
---------------+-------------+-----
Stealth        | 3 4 |  4.3
Dodging        | 3 |  3.9
Earth Magic    | 4 |  4.4
Spellcasting   | 4 |  4.5
Transmutations | |  1.1

Action                   |  1- 3 |  4- 6 || total
-------------------------+-------+-------++-------
Melee: Unarmed           |     8 |    64 ||    72
 Cast: Sandblast         |    45 |    26 ||    71
       Stone Arrow       |       |    36 ||    36
 Stab: Sleeping          |       |     1 ||     1
  Eat: Chunk             |       |     7 ||     7
Armor: Robe              |    11 |     7 ||    18
Dodge: Dodged            |    19 |    45 ||    64

Table legend:
 A = Spawn XP
 B = Non-spawn XP
 C = Spawn XP percentage of total XP
 D = Spawn monster count
 E = Non-spawn monster count
 F = Spawn count percentage of total count
 G = Total turns spent on level
                    A         B        C        D         E        F      G
               +---------+---------+-------+---------+---------+-------+---------
         Total |       0 |     264 |   0.0 |       0 |      80 |   0.0 |  2246
               +---------+---------+-------+---------+---------+-------+---------
           D:1 |       0 |      41 |   0.0 |       0 |      23 |   0.0 |   679
           D:2 |       0 |     107 |   0.0 |       0 |      31 |   0.0 |   804
           D:3 |       0 |     116 |   0.0 |       0 |      26 |   0.0 |   763
               +---------+---------+-------+---------+---------+-------+---------
